 Dungeon Crawl Stone Soup version 0.27.1-3-gb3d3a73c9e (webtiles) character file.

Game seed: 9580116267010413758

772 Turgor the Jinx (level 7, -2/39 (46) HPs)
             Began as a Vampire Enchanter on Oct 25, 2021.
             Slain by Maggie (5 damage)
             ... on level 6 of the Dungeon.
             The game lasted 00:33:17 (5156 turns).

Turgor the Jinx (Vampire Enchanter)                 Turns: 5156, Time: 00:33:18

HP:   -2/39 (46)    AC:  7    Str:  7    XL:     7   Next: 53%
MP:   2/14          EV: 12    Int: 19    God:
Gold: 149           SH:  5    Dex: 15    Spells: 8/15 levels left

rFire    . . .     SeeInvis +   b - +2 short sword (venom)
rCold    . . .     Faith    .   (no shield)
rNeg     . . .     Spirit   .   e - +2 leather armour {rPois}
rPois    +         Reflect  +   (no helmet)
rElec    .         Harm     .   (no cloak)
rCorr    .         Rampage  .   l - +0 pair of gloves
Will     .....                  f - +0 pair of boots
Stlth    +++.......             i - amulet of reflection
HPRegen  0.33/turn              (no ring)
MPRegen  0.14/turn              (no ring)

@: mesmerised, healing quickly, heavily drained
A: alive, fangs 3, see invisible, vampiric 2
a: Exsanguinate


You were on level 6 of the Dungeon.
You visited 1 branch of the dungeon, and saw 6 of its levels.

You collected 149 gold pieces.

Inventory:

Hand Weapons
 a - a +1 dagger
 b - a +2 short sword of venom (weapon)
 k - a +2 dagger of speed
 q - a +0 hunting sling of freezing
 D - a +1 whip of electrocution
Missiles
 c - 155 stones (quivered)
 d - 3 javelins
Armour
 e - a +2 leather armour of poison resistance (worn)
 f - a +0 pair of boots (worn)
 l - a +0 pair of gloves (worn)
Jewellery
 i - an amulet of reflection (around neck)
Wands
 r - a wand of digging (3)
Scrolls
 h - 2 scrolls of enchant weapon {unknown}
 m - a scroll of vulnerability {unknown}
 n - 6 scrolls of teleportation {unknown}
 p - a scroll of acquirement {unknown}
 s - a scroll of magic mapping {unknown}
 u - a scroll of blinking {unknown}
 w - a scroll of immolation {unknown}
 x - 2 scrolls of brand weapon {unknown}
 y - a scroll of enchant armour {unknown}
 B - a scroll of amnesia {unknown}
 C - a scroll of noise {unknown}
 E - a scroll of torment {unknown}
Potions
 g - 3 potions of attraction
 j - 2 potions of cancellation
 t - a potion of mutation {unknown}
 v - a potion of might
 z - a potion of brilliance {unknown}
 A - a potion of ambrosia


   Skills:
 + Level 3.9 Short Blades
 - Level 3.0 Dodging
 + Level 6.1 Stealth
 * Level 4.8 Spellcasting
 * Level 8.2 Hexes


You had 8 spell levels left.
You knew the following spells:

 Your Spells              Type           Power      Damage    Failure   Level
a - Corona                Hex            38%        N/A       1%          1
b - Sandblast             Erth           8%         2d5       19%         1
c - Confusing Touch       Hex            35%        N/A       1%          3
s - Ensorcelled Hibernat  Hex/Ice        40%        N/A       5%          2

Your spell library contained the following spells:

 Spells                   Type           Power      Damage    Failure   Level
 Tukima's Dance           Hex            35%        N/A       1%          3
 Dazzling Flash           Conj/Hex       40%        N/A       11%         3
 Passwall                 Tmut/Erth      3%         N/A       28%         2
 Ozocubu's Armour         Ice            4%         N/A       50%         3
 Metabolic Englaciation   Hex/Ice        10%        N/A       69%         5
 Lee's Rapid Deconstruct  Erth           2%         3d5*      99%         5
 Simulacrum               Ice/Necr       2%         N/A       100%        6


Dungeon Overview and Level Annotations

Branches:
Dungeon (6/15)
 Temple: D:4-7

Altars:

Shops:
D:4 :   D:5 *

Annotations:
D:3 Grinder
D:6 Maggie


Innate Abilities, Weirdness & Mutations

Your natural rate of healing is accelerated.
You have razor-sharp teeth.
You have supernaturally acute eyesight. (SInv)
You are afflicted with vampirism and can become a bat while bloodless.


Message History

Aiming: Ensorcelled Hibernation (safe; 5% risk of failure)
Press: ? - help, Shift-Dir - straight line, f/p - Maggie
Aim: Maggie, wielding a +1 long sword of draining and wearing +0 swamp dragon scales (lightly wounded, mesmerising, chance to affect: 50%) Maggie looks drowsy...
You break out of your daze!
Unknown command.
Your +0 hunting sling of freezing stops glowing.
Your +2 short sword of venom begins to drip with poison!
b - a +2 short sword of venom (weapon)
Maggie shouts!
Maggie mumbles some strange words.
Maggie attempts to bespell you! You resist.
Your leather armour prevents you from hitting Maggie.
Maggie is lightly wounded.
You block Maggie's attack.
You barely miss Maggie.
Maggie is lightly wounded.
Maggie hits you with a +1 long sword of draining.
You feel drained.
You hit Maggie but do no damage.
Maggie is lightly wounded.
You block Maggie's attack.
You hit Maggie but do no damage.
Maggie is lightly wounded.
Maggie casts a spell.
Maggie attempts to bespell you!
You are mesmerised by Maggie!
You hit Maggie but do no damage.
Maggie is lightly wounded.
Your magical contamination has completely faded away.
You hit Maggie.
Maggie is moderately wounded.
Maggie hits you with a +1 long sword of draining!
* * * LOW HITPOINT WARNING * * *
You feel drained.
* * * LOW HITPOINT WARNING * * *
You barely miss Maggie.
Maggie is moderately wounded.
Maggie hits you with a +1 long sword of draining.
You die...

..#.###.######.#
# #(#
#.###.######.#
#...(........#
####(.########
#.## #.# #@# #@#
#.# #.# #.# #.#
#.# #.. <..


You could see Maggie (mesmerising).

Vanquished Creatures
  A water moccasin (D:5)
  A necrophage (D:4)
  A scorpion (D:5)
  3 killer bees (D:4)
  5 hounds
  Jessica (D:3)
  A scorpion zombie (D:5)
  8 gnolls (D:5)
  5 adders
  An ufetubus (D:4)
  An adder skeleton (D:4)
  4 dart slugs
  3 orcs
  2 endoplasms
  2 giant cockroaches (D:2)
  6 goblins
  8 hobgoblins
  5 quokkas
  3 ball pythons
  8 bats
  3 frilled lizards
  5 kobolds
  8 rats
85 creatures vanquished.

Notes
Turn   | Place    | Note
-------+----------+-------------------------------------------
     0 | D:1      | Turgor the Vampire Enchanter began the quest for the Orb.
     0 | D:1      | Reached XP level 1. HP: 13/13 MP: 3/3
    44 | D:1      | Found a faded altar of an unknown god.
   373 | D:1      | Reached XP level 2. HP: 19/19 MP: 5/5
  1432 | D:2      | Gained mutation: You are afflicted with vampirism and can
                  | become a bat while bloodless. [Vampire growth]
  1432 | D:2      | Reached XP level 3. HP: 24/24 MP: 6/6
  1435 | D:2      | Learned a level 2 spell: Ensorcelled Hibernation
  1439 | D:2      | Learned a level 3 spell: Confusing Touch
  1651 | D:2      | Reached skill level 5 in Stealth
  2273 | D:3      | Reached skill level 5 in Hexes
  2405 | D:3      | Noticed Grinder
  2411 | D:3      | Paralysed by Grinder for 5 turns
  2458 | D:3      | Noticed Jessica
  2473 | D:3      | Killed Jessica
  2474 | D:3      | Reached XP level 4. HP: 17/30 MP: 3/8
  2899 | D:3      | Paralysed by Grinder for 5 turns
  2911 | D:3      | Paralysed by Grinder for 7 turns
  2939 | D:3      | Paralysed by Grinder for 7 turns
  2958 | D:3      | Paralysed by Grinder for 4 turns
  3073 | D:4      | Noticed a necrophage
  3087 | D:4      | Killed a necrophage
  3088 | D:4      | Reached skill level 6 in Hexes
  3088 | D:4      | Reached XP level 5. HP: 23/35 MP: 5/10
  3244 | D:4      | Found Zitenogu's Self-Improvement Boutique.
  3400 | D:4      | Learned a level 1 spell: Sandblast
  3535 | D:4      | Reached XP level 6. HP: 41/41 MP: 8/11
  3901 | D:4      | Reached skill level 7 in Hexes
  4070 | D:5      | Entered Level 5 of the Dungeon
  4123 | D:5      | Reached XP level 7. HP: 46/46 MP: 13/13
  4280 | D:5      | Identified the +1 scale mail "Vudghuot" {rCorr Str-5
                  | Slay+2}
  4788 | D:5      | Found Souludyl's Lightly-Used Armoury.
  5011 | D:5      | Reached skill level 8 in Hexes
  5127 | D:6      | Noticed Maggie
  5156 | D:6      | Slain by Maggie

Illustrated notes

Levels and vault maps discovered:
D:1:      nicolae_arrival_somewhat_less_tricky_arrival, layout_loops_corners,
          basic_ecumenical_altar
D:2:      layout_loops_ring, serial_rivers, chequers_serial_rivers_micro_d,
          chequers_serial_rivers_micro_b, chequers_serial_rivers_large_b,
          chequers_serial_rivers_large_a, chequers_serial_rivers_small_b,
          chequers_serial_rivers_small_b
D:3:      layout_basic, kennysheep_generic_room_13, uniq_jessica, uniq_grinder
D:4:      layout_cave_pods, grunt_ministairs_3, minmay_misc_feat_doors,
          nicolae_shop_self_help
D:5:      layout_gridville, serial_bayou_ford_a, chequers_hall_statues_y,
          hangedman_decor_points, minmay_shop_damaged
D:6:      layout_loops_ring, minmay_temple_entry_junction, serial_shops, shop,
          uniq_maggie

Skill      XL: |  1  2  3  4  5  6  7 |
---------------+----------------------+-----
Stealth        | 5 6 |  6.1
Hexes          | 5 6 7 8 |  8.2
Short Blades   | 2 3 |  3.9
Dodging        | 3 |  3.0
Spellcasting   | 3 4 |  4.8

Action                   |  1- 3 |  4- 6 |  7- 9 || total
-------------------------+-------+-------+-------++-------
Melee: Dagger            |   181 |   120 |    23 ||   324
       Bite              |     6 |    11 |     9 ||    26
       Short sword       |     4 |    14 |    58 ||    76
 Fire: Hunting sling     |       |       |     8 ||     8
Throw: Stone             |     1 |     1 |       ||     2
 Cast: Corona            |     2 |     3 |     1 ||     6
       Confusing Touch   |     4 |     9 |     9 ||    22
       Ensorcelled Hiber |       |       |     6 ||     6
  Use: Scroll            |       |     3 |     2 ||     5
       Potion            |       |     3 |       ||     3
 Stab: Sleeping          |    11 |     5 |     3 ||    19
       Confused          |     2 |     6 |     6 ||    14
       Distracted        |     1 |       |       ||     1
Armor: Robe              |     4 |       |       ||     4
       Leather armour    |    50 |    19 |    11 ||    80
Dodge: Dodged            |    70 |    56 |    22 ||   148
Block: Other             |       |    10 |    13 ||    23
